 Dungeon Crawl Stone Soup version 0.23-a0-612-gcb482e9 (console) character file.

32605 Duffy the Fighter (level 13, -7/74 HPs)
             Began as a Vine Stalker Fighter on Dec 21, 2018.
             Was a High Priest of the Shining One.
             Mangled by a minotaur
             ... wielding a +1 short sword of electrocution
              (14 damage)
             ... in a Gauntlet.
             The game lasted 00:20:58 (12561 turns).

Duffy the Fighter (Vine Stalker Fighter)           Turns: 12561, Time: 00:20:58

Health: -7/74      AC: 30    Str: 24    XL:     13   Next: 65%
Magic:  0/27       EV: 10    Int: 13    God:    the Shining One [*****.]
Gold:   702        SH: 12    Dex: 14    Spells: 12/12 levels left

rFire    . . .     SeeInvis +   a - +0 war axe
rCold    . . .     Gourm    .   c - +0 shield
rNeg     + + .     Faith    .   P - +10 plate armour {ponderous}
rPois    .         Spirit   +   b - +3 hat of Pondering {ponderous, MR+ MP+10 Int+5}
rElec    .         Reflect  .   C - +0 cloak
rCorr    .         Harm     .   o - +1 pair of gloves
MR       ++...     NoTele   +   (no boots)
Stlth    ..........             y - amulet of the acrobat
HPRegen  1.02/turn              n - ring of see invisible
MPRegen  0.20/turn              A - +4 ring of evasion

@: glowing, slow
A: fangs 3, regeneration 2, magic shield, antimagic bite, no potion heal 3, rot
immunity
a: Divine Shield, Cleansing Flame, Summon Divine Warrior, Renounce Religion


You were in a Gauntlet.
You worshipped the Shining One.
The Shining One was extremely pleased with you.
You were not hungry.

You visited 4 branches of the dungeon, and saw 16 of its levels.
You also visited: Ossuary and Gauntlet.

You collected 1214 gold pieces.
You spent 512 gold pieces at shops.

Inventory:

Hand Weapons
 a - a +0 war axe (weapon)
 I - a cursed +2 morningstar of freezing
Missiles
 E - 4 throwing nets (quivered)
Armour
 b - the +3 hat of Pondering (worn) {ponderous, MR+ MP+10 Int+5}
   (You took it off Gastronok on level 9 of the Dungeon)

   It affects your intelligence (+5).
   It affects your resistance to hostile enchantments.
   It affects your magic capacity (+10).
 c - a +0 shield (worn)
 o - a +1 pair of gloves (worn)
 C - a +0 cloak (worn)
 G - a +2 hat of magic resistance
 P - a +10 plate armour of ponderousness (worn)
Jewellery
 k - an uncursed ring of protection from fire
 n - a ring of see invisible (left hand)
 x - an uncursed ring of flight
 y - an amulet of the acrobat (around neck)
 A - a +4 ring of evasion (right hand)
 K - an uncursed ring of protection from fire
Wands
 g - a wand of flame (10)
 l - a wand of iceblast (8)
Scrolls
 e - 2 scrolls of enchant weapon
 h - 3 scrolls of immolation
 i - 3 scrolls of fear
 m - a scroll of identify
 p - 4 scrolls of magic mapping
 r - 9 scrolls of teleportation
 s - 3 scrolls of holy word
 t - a scroll of vulnerability
 u - 10 scrolls of remove curse
 v - 4 scrolls of blinking
 w - 2 scrolls of enchant armour
 D - a scroll of fog
 O - a scroll of brand weapon
Potions
 d - 4 potions of might
 j - 3 potions of mutation
 q - 5 potions of cancellation
 z - 6 potions of curing
 B - a potion of magic
 F - 2 potions of agility
 L - 3 potions of resistance
 M - 4 potions of flight
 N - a potion of haste
Comestibles
 f - 19 rations


   Skills:
 + Level 11.7 Fighting
 + Level 11.5 Axes
 + Level 8.3 Armour
 + Level 9.1 Shields
 + Level 4.8 Invocations
 + Level 4.2 Evocations


You had 12 spell levels left.
You didn't know any spells.
Your spell library contained the following spells:

 Spells                   Type           Power        Failure   Level  Hunger
 Freeze                   Ice            #...         100%        1    ##.....
 Infusion                 Chrm           #...         100%        1    ##.....
 Magic Dart               Conj           #...         100%        1    ##.....
 Summon Small Mammal      Summ           #...         100%        1    ##.....
 Call Imp                 Summ           #.......     100%        2    ###....
 Searing Ray              Conj           #.....       100%        2    ###....
 Shroud of Golubria       Chrm/Tloc      #.........   100%        2    ###....
 Song of Slaying          Chrm           #.......     100%        2    ###....
 Throw Frost              Conj/Ice       #.....       100%        2    ###....
 Call Canine Familiar     Summ           #.......     100%        3    ####...
 Dazzling Spray           Conj/Hex       #.....       100%        3    ####...
 Ozocubu's Armour         Chrm/Ice       #.......     100%        3    ####...
 Regeneration             Chrm/Necr      #.........   100%        3    ####...
 Spectral Weapon          Hex/Chrm       #.......     100%        3    ####...
 Summon Guardian Golem    Hex/Summ       #.......     100%        3    ####...
 Force Lance              Conj/Tloc      #.......     100%        4    #####..
 Fulminant Prism          Conj/Hex       #.........   100%        4    #####..
 Iskenderun's Mystic Bla  Conj           #.......     100%        4    #####..
 Summon Ice Beast         Ice/Summ       #.......     100%        4    #####..
 Summon Lightning Spire   Summ/Air       #.......     100%        4    #####..
 Throw Icicle             Conj/Ice       #.......     100%        4    #####..


Dungeon Overview and Level Annotations

Branches:
Dungeon (11/15)            Temple (1/1) D:6            Lair (2/6) D:9
 Shoals (0/4) Lair:2          Orc (2/2) D:11            Elf (0/3) Orc:2
  Snake: Lair:2-4    Spider: Lair:2-4

Altars:
Ashenzari
Cheibriados
Dithmenos
Elyvilon
Fedhas
Gozag
Hepliaklqana
Kikubaaqudgha
Makhleb
Nemelex Xobeh
Okawaru
Qazlal
Ru
Sif Muna
Trog
Uskayaw
Vehumet
Wu Jian
Xom
Yredelemnul
Zin
The Shining One

Shops:
D:5 ?   D:7 ?

Annotations:
Gauntlet 6 transporters


Innate Abilities, Weirdness & Mutations

You have razor-sharp teeth.
You heal very quickly.
When hurt, damage is shared between your health and your magic reserves.
Your bite disrupts and absorbs the magic of your enemies.
Potions cannot restore your health.
You are immune to rotting.


Message History

You hit the minotaur.
The minotaur is heavily wounded.
The minotaur hits you but does no damage.
The minotaur barely misses you.
You hit the minotaur.
The minotaur is heavily wounded.
You block the minotaur's attack. The minotaur gores you!
You hit the minotaur but do no damage.
The minotaur is heavily wounded.
The minotaur hits you but does no damage.
You are electrocuted!
The Shining One protects you from harm! You block the minotaur's attack.
You hit the minotaur.
The minotaur is heavily wounded.
You block the minotaur's attack. x2
You hit the minotaur but do no damage.
The minotaur is heavily wounded.
The minotaur hits you with a +1 short sword of electrocution!
You die...

..##.#..# .#.#=#..####
.##..#..#..#
^.#.^#..#^.#
.##.!#..#..#
.#.#:#..#..#############
..##.#..#..##..........#
....*#..#..##.########.#
######..#..##.#..@H..#.#
.......8#..##.#.####.#.#
.......}#.....#.# #.#
.......8#..####.######.#
######..#..# #........#
.....#..#..# ##########
..##.#..#..#
.##..#..#..#
.#...#..#..#


You could see a minotaur.

Vanquished Creatures
  Gastronok (D:9)
  An ettin (Orc:1)
  Harold (D:9)
  A catoblepas (Gauntlet)
  2 two-headed ogres
  3 death yaks (D:9)
  Pikel (D:8)
  A glowing orange brain (Gauntlet)
  3 orc sorcerers (Orc:1)
  An oklob plant (Lair:2)
  A cyclops (Orc:1)
  2 ugly things
  4 merfolk sirens (Lair:2)
  3 black mambas (Lair:1)
  2 molten gargoyles (Gauntlet)
  Joseph (D:8)
  6 gargoyles
  3 spiny frogs
  3 komodo dragons
  A rime drake (Lair:1)
  A merfolk (D:10)
  Prince Ribbit (D:9)
  A raiju (Gauntlet)
  3 blink frogs
  A hornet (D:8)
  2 hippogriffs
  3 wyverns
  Sigmund (D:3)
  36 yaks
  A basilisk (Lair:1)
  A steam dragon (Gauntlet)
  Edmund (D:4)
  An acid dragon (D:11)
  3 water moccasins (Lair:2)
  4 porcupines
  A sky beast (D:10)
  3 phantoms
  2 orc warriors (D:10)
  4 ice beasts
  2 necrophages
  2 ogres
  11 centaurs
  2 eyes of draining
  2 crocodiles
  A big kobold (D:9)
  14 bullfrogs
  A wyvern zombie (D:9)
  A wyvern skeleton (D:7)
  3 water moccasin zombies (Ossuary)
  2 scorpions (D:9)
  7 killer bees (D:11)
  10 wights
  2 howler monkeys
  A centaur zombie (D:7)
  2 bullfrog zombies
  4 crimson imps
  A quasit (D:9)
  A jelly (D:6)
  2 bullfrog skeletons
  4 centaur skeletons
  5 orc priests
  6 hounds
  Jessica (D:2)
  2 iguanas
  9 orc wizards
  12 worker ants
  2 big kobold zombies (Ossuary)
  2 hound skeletons
  2 mummies (Ossuary)
  2 howler monkey zombies
  Robin (D:3)
  16 adders
  11 gnolls
  2 shadow imps
  An adder skeleton (D:9)
  5 adder zombies (Ossuary)
  A worm (D:3)
  A dart slug (D:1)
  5 leopard geckos
  36 orcs
  2 ball pythons
  2 giant cockroaches
  6 gnoll zombies (Ossuary)
  14 goblins
  10 hobgoblins
  9 jackals
  11 kobolds
  3 quokkas
  16 bats
  3 frilled lizards
  3 hobgoblin zombies (Ossuary)
  5 kobold zombies (Ossuary)
  5 orc zombies (Ossuary)
  9 rats
  2 fungi
  3 plants
411 creatures vanquished.

Vanquished Creatures (others)
  A bullfrog (D:8)
  A jelly (D:8)
  2 jackals (D:11)
  A quokka (D:11)
  2 fungi (Gauntlet)
  A plant (Gauntlet)
8 creatures vanquished.

Grand Total: 419 creatures vanquished

Notes
Turn   | Place    | Note
-------+----------+-------------------------------------------
     0 | D:1      | Duffy the Vine Stalker Fighter began the quest for the Orb.
     0 | D:1      | Reached XP level 1. HP: 11/11 MP: 2/2
   304 | D:1      | Reached XP level 2. HP: 16/16 MP: 3/3
   355 | D:2      | Found a hazy altar of Hepliaklqana.
   356 | D:2      | Noticed Jessica
   400 | D:3      | Reached XP level 3. HP: 10/20 MP: 2/4
   583 | D:3      | Gained mutation: Your natural rate of healing is unusually
                  | fast. [Vine Stalker growth]
   583 | D:3      | Reached XP level 4. HP: 6/25 MP: 1/5
   654 | D:5      | Entered Level 5 of the Dungeon
   795 | D:5      | Found Qereigru's Magic Scroll Boutique.
   803 | D:5      | Reached XP level 5. HP: 29/29 MP: 6/6
   806 | D:5      | Bought a scroll of identify for 30 gold pieces
   904 | D:4      | Noticed a phantom
   919 | D:4      | Noticed a phantom
   924 | D:4      | Killed a phantom
   924 | D:4      | Reached XP level 6. HP: 22/35 MP: 3/7
   939 | D:4      | Killed a phantom
   939 | D:4      | Reached skill level 5 in Fighting
  1003 | D:4      | Got a dazzling whip
  1006 | D:4      | Identified the +4 whip "Seothot" {freeze, *Corrode +Inv
                  | rPois} (You found it on level 4 of the Dungeon)
  1287 | D:5      | Found a radiant altar of Vehumet.
  1355 | D:6      | Reached XP level 7. HP: 39/39 MP: 8/8
  1390 | D:6      | Reached skill level 5 in Axes
  1501 | D:6      | Found a staircase to the Ecumenical Temple.
  1511 | Temple   | Entered the Ecumenical Temple
  1599 | Temple   | Became a worshipper of the Shining One
  1723 | D:2      | Killed Jessica
  2734 | D:3      | Noticed Sigmund
  2734 | D:3      | Noticed Robin
  2754 | D:3      | Killed Sigmund
  2754 | D:3      | Gained mutation: You have razor-sharp teeth. [Vine Stalker
                  | growth]
  2754 | D:3      | Reached XP level 8. HP: 36/45 MP: 6/9
  2759 | D:3      | Killed Robin
  3319 | D:4      | Reached * piety under the Shining One
  3319 | D:4      | Noticed Edmund
  3327 | D:4      | Killed Edmund
  3919 | D:5      | Got a fine ring mail
  4054 | D:5      | Bought a scroll of magic mapping for 52 gold pieces
  4054 | D:5      | Bought a scroll of identify for 30 gold pieces
  4054 | D:5      | Bought a scroll of identify for 30 gold pieces
  4054 | D:5      | Bought a scroll of identify for 30 gold pieces
  4054 | D:5      | Bought 2 scrolls of identify for 60 gold pieces
  4390 | D:6      | Reached XP level 9. HP: 29/51 MP: 10/10
  4661 | D:6      | Reached ** piety under the Shining One
  4898 | D:7      | Found Larulout's Magic Scroll Emporium.
  4901 | D:7      | Bought a scroll of random uselessness for 10 gold pieces
  5520 | D:7      | Bought a scroll of remove curse for 30 gold pieces
  5520 | D:7      | Bought a scroll of identify for 20 gold pieces
  5520 | D:7      | Bought a scroll of identify for 20 gold pieces
  5520 | D:7      | Identified the +4 ring mail of Efenn {Int+4} (You found it
                  | on level 5 of the Dungeon)
  5593 | D:8      | Noticed Pikel
  5613 | D:8      | Killed Pikel
  5634 | D:8      | Noticed a hornet
  5650 | D:8      | Killed a hornet
  5708 | D:8      | Noticed Joseph
  5723 | D:8      | Killed Joseph
  5723 | D:8      | Reached XP level 10. HP: 46/57 MP: 9/11
  5988 | D:8      | Found a sand-covered staircase.
  5999 | Ossuary  | Entered an ossuary
  6018 | Ossuary  | Reached *** piety under the Shining One
  6079 | Ossuary  | Reached **** piety under the Shining One
  6452 | D:9      | Noticed Prince Ribbit
  6458 | D:9      | Killed Prince Ribbit
  6581 | D:9      | Noticed a two-headed ogre
  6588 | D:9      | Killed a two-headed ogre
  6588 | D:9      | Reached skill level 5 in Shields
  6618 | D:9      | Noticed Gastronok
  6647 | D:9      | Killed Gastronok
  6647 | D:9      | Reached skill level 5 in Armour
  6647 | D:9      | Reached XP level 11. HP: 63/63 MP: 12/12
  6884 | D:9      | Noticed a death yak
  6906 | D:9      | Noticed a death yak
  6907 | D:9      | Killed a death yak
  6907 | D:9      | Reached skill level 10 in Fighting
  6913 | D:9      | Noticed a death yak
  6926 | D:9      | Killed a death yak
  6930 | D:9      | Reached skill level 10 in Axes
  6935 | D:9      | Killed a death yak
  7043 | D:9      | Found a staircase to the Lair.
  7147 | D:9      | Reached ***** piety under the Shining One
  7160 | D:9      | Noticed Harold
  7169 | D:9      | Killed Harold
  7879 | D:10     | Entered Level 10 of the Dungeon
  7879 | D:10     | Noticed a two-headed ogre
  7883 | D:10     | Killed a two-headed ogre
  7986 | D:10     | Gained mutation: You heal very quickly. [Vine Stalker
                  | growth]
  7986 | D:10     | Reached XP level 12. HP: 69/69 MP: 13/13
  8249 | D:10     | Found a deep blue altar of Sif Muna.
  8813 | D:7      | Bought a scroll of identify for 20 gold pieces
  8813 | D:7      | Bought a scroll of identify for 20 gold pieces
  8813 | D:7      | Bought a scroll of identify for 20 gold pieces
  8813 | D:7      | Bought a scroll of teleportation for 30 gold pieces
  8813 | D:7      | Bought a scroll of fear for 35 gold pieces
  8813 | D:7      | Bought a scroll of holy word for 75 gold pieces
  8978 | D:11     | Found a staircase to the Orcish Mines.
  8983 | Orc:1    | Entered Level 1 of the Orcish Mines
  9016 | Orc:1    | Noticed an ettin
  9024 | Orc:1    | Killed an ettin
  9050 | Orc:1    | Reached skill level 1 in Invocations
  9050 | Orc:1    | Reached skill level 1 in Evocations
 10214 | Lair:1   | Entered Level 1 of the Lair of Beasts
 10296 | Lair:1   | Reached XP level 13. HP: 70/74 MP: 16/16
 11310 | Lair:2   | Found a staircase to the Shoals.
 11803 | Orc:2    | Entered Level 2 of the Orcish Mines
 11803 | Orc:2    | Found a burning altar of Makhleb.
 11803 | Orc:2    | Found a staircase to the Elven Halls.
 11825 | Orc:2    | Found a gate leading to a gauntlet.
 11837 | Gauntlet | Entered a Gauntlet
 11837 | Gauntlet | Found a transporter.
 11837 | Gauntlet | Found a transporter.
 11840 | Gauntlet | Noticed a death ooze
 11842 | Gauntlet | Found a transporter.
 11845 | Gauntlet | Found a transporter.
 11845 | Gauntlet | Found a transporter.
 11845 | Gauntlet | Found a transporter.
 11853 | Gauntlet | Noticed a reaper
 11856 | Gauntlet | Found a transporter.
 11856 | Gauntlet | Found a transporter.
 11859 | Gauntlet | Found a transporter.
 11859 | Gauntlet | Found a transporter.
 11869 | Gauntlet | Found a transporter.
 11874 | Gauntlet | Found a transporter.
 12372 | Gauntlet | Got a vibrating ivory ring
 12373 | Gauntlet | Identified the ring of Perfectionism {+Fly MP+9 Int-4 SInv
                  | Stlth-} (You found it in a Gauntlet)
 12546 | Gauntlet | Noticed a minotaur
 12559 | Gauntlet | The Shining One protects you from harm!
 12561 | Gauntlet | Mangled by a minotaur

Vault maps used:
D:1:      dpeg_chamrin_arrival_tetris, minmay_misc_feat_alley
D:2:      nicolae_overflow_crystal_walls, uniq_jessica
D:3:      minmay_tree_intersection, uniq_sigmund, uniq_robin
D:4:      first_ration, serial_glass, glass_columns_a, glass_columns_b,
          glass_columns_b, uniq_edmund
D:5:      serial_shops, shop_scrolls, basic_altar, hex_medium
D:6:      temple_statues
D:7:      serial_shops, kennysheep_mini_moat
D:8:      enter_ossuary_1, uniq_joseph, uniq_pikel
D:9:      dpeg_lair_monsters, uniq_prince_ribbit1, uniq_harold, uniq_gastronok
D:10:     basic_altar, hangedman_fish_farm
D:11:     orc_0_dummy, lemuel_old_faithful
Temple:   compressed_dpeg_circular_temple
Lair:1:   wad_woods_road_01, beast_lair_carwin_8, infiniplex_staircase_pool
Lair:2:   elwin_shoals_entry_stream, serial_bayou_shore_b,
          minmay_lair_oklob_chamber
Orc:2:    grunt_orc_cross, basic_altar, gauntlet_entry_generic, uniq_snorg
Ossuary:  ossuary_tomb_2
Gauntlet: gammafunk_gauntlet_hard_choice

Skill      XL: |  1  2  3  4  5  6  7  8  9 10 11 12 13 |
---------------+----------------------------------------+-----
Axes           | 2 3 4 6 7 8 9 10 11 | 11.5
Fighting       | 3 4 5 6 7 8 9 10 11 | 11.7
Armour         | 3 5 6 7 8 |  8.3
Shields        | 4 5 7 8 9 |  9.1
Invocations    | 3 4 |  4.8
Evocations     | 2 4 |  4.2

Action                   |  1- 3 |  4- 6 |  7- 9 | 10-12 | 13-15 || total
-------------------------+-------+-------+-------+-------+-------++-------
Melee: War axe           |    46 |    74 |   345 |   515 |   248 ||  1228
       Bite              |     6 |    27 |    85 |   193 |   103 ||   414
Evoke: Wand              |     5 |     2 |       |     7 |       ||    14
  Use: Scroll            |       |       |    17 |     5 |     4 ||    26
       Potion            |       |       |     1 |     2 |       ||     3
  Eat: Chunk             |       |     2 |    14 |    10 |     5 ||    31
       Ration            |       |       |       |     2 |     1 ||     3
Armor: Scale mail        |    28 |    33 |    37 |       |       ||    98
       Plate armour      |       |       |    76 |   175 |    88 ||   339
       Chain mail        |       |       |    33 |       |       ||    33
       Skin              |       |       |       |    40 |       ||    40
Dodge: Dodged            |    13 |    22 |   138 |   160 |    76 ||   409
Block: Shield            |    35 |    39 |   191 |   230 |    99 ||   594

Table legend:
 A = Non-vault XP
 B = Vault XP
 C = Vault XP percentage of total XP
 D = Non-vault monster count
 E = Vault monster count
 F = Vault count percentage of total count
                 A         B        C        D         E       F
            +---------+---------+-------+---------+---------+-------
      Total |   27713 |   18866 |  40.5 |     321 |      85 |  20.9
            +---------+---------+-------+---------+---------+-------
        D:1 |      35 |       0 |   0.0 |      20 |       0 |   0.0
        D:2 |      82 |      37 |  31.1 |      25 |       1 |   3.8
        D:3 |     233 |     246 |  51.4 |      29 |      12 |  29.3
        D:4 |     596 |     157 |  20.8 |      22 |       1 |   4.3
        D:5 |     108 |       0 |   0.0 |       3 |       0 |   0.0
        D:6 |    1110 |       0 |   0.0 |      34 |       0 |   0.0
        D:7 |     446 |       0 |   0.0 |      16 |       0 |   0.0
        D:8 |    1066 |    1104 |  50.9 |      13 |       2 |  13.3
        D:9 |    4522 |    7641 |  62.8 |      43 |      13 |  23.2
       D:10 |    4258 |     313 |   6.8 |      37 |       1 |   2.6
       D:11 |    5156 |       0 |   0.0 |      40 |       0 |   0.0
     Lair:1 |    4233 |    2179 |  34.0 |      17 |      10 |  37.0
     Lair:2 |    2344 |    2476 |  51.4 |      13 |       5 |  27.8
      Orc:1 |    3415 |       0 |   0.0 |       8 |       0 |   0.0
      Orc:2 |     109 |       0 |   0.0 |       1 |       0 |   0.0
    Ossuary |       0 |     355 | 100.0 |       0 |      31 | 100.0
   Gauntlet |       0 |    4358 | 100.0 |       0 |       9 | 100.0
            +---------+---------+-------+---------+---------+-------
